 Dungeon Crawl Stone Soup version 0.31-a0-832-g3a2c1c66ba (webtiles) character file.

Game seed: 13851475288720143239

43855 IndexError the Warrior (level 14, -6/99 HPs)
             Began as a Gargoyle Earth Elementalist on Sept 24, 2023.
             Was the Champion of Makhleb.
             Mangled by a polar bear (20 damage)
             ... on level 5 of the Lair of Beasts on Sept 25, 2023.
             The game lasted 00:36:08 (18015 turns).

IndexError the Warrior (GrEE)                      Turns: 18015, Time: 00:36:09

Health: -6/99      AC: 19    Str: 11    XL:     14   Next: 26%
Magic:  1/35       EV: 11    Int: 26    God:    Makhleb [******]
Gold:   976        SH:  5    Dex: 10    Spells: 13/29 levels left

rFire   + . .        R - staff of conjuration {!a}
rCold   + . .        W - +0 buckler {reflect}
rNeg    + . .        G - +1 robe "Qelace" {Int+4}
rPois   ∞            x - +1 helmet
rElec   +            S - +2 cloak
rCorr   .            (no gloves)
SInv    .            X - +0 pair of boots {Fly}
Will    +....        i - amulet of regeneration {+regen, !d}
Stlth   ++           l - ring of Keytriuqu {rElec rF+ rC+ MP+9}
HPRegen 1.16/turn    a - ring of wizardry {Wiz+, !d}
MPRegen 0.24/turn

%: reflection, wizardry (x1)
@: flying
A: sickness immunity, AC +10, big wings, negative energy resistance 1,
electricity resistance, torment resistance 1, petrification resistance
a: Renounce Religion, Minor Destruction, Lesser Servant of Makhleb, Major
Destruction, Greater Servant of Makhleb


You were on level 5 of the Lair of Beasts.
You worshipped Makhleb.
Makhleb was exalted by your worship.
You visited 2 branches of the dungeon, and saw 15 of its levels.
You also visited: Sewer and Bailey.

You collected 1600 gold pieces.
You spent 624 gold pieces at shops.

Inventory:

Hand Weapons
 L - a +4 flail of freezing
   (You took it off a wight on level 6 of the Dungeon)
Missiles
 f - a throwing net {=f, !d}
 N - 9 javelins
 V - 22 boomerangs
Armour
 r - a +0 pair of gloves
   (You found it on level 3 of the Lair of Beasts)
 x - a +1 helmet (worn)
   (You took it off Robin on level 3 of the Dungeon)
 G - the +1 robe "Qelace" (worn) {Int+4}
   (You found it on level 5 of the Dungeon)

   Int+4:     It affects your intelligence (+4).
 K - a +1 pair of boots
   (You found it on level 3 of the Lair of Beasts)
 S - a +2 cloak (worn)
   (You found it on level 7 of the Dungeon)
 W - a +0 buckler of reflection (worn)
   (You took it off a kobold in a bailey)
 X - a +0 pair of boots of flying (worn)
   (You found it in a bailey)
Magical Staves
 F - a staff of fire {rF+}
   (You found it on level 5 of the Dungeon)
 R - a staff of conjuration (weapon) {!a}
   (You found it on level 7 of the Dungeon)
Jewellery
 a - a ring of wizardry (right hand) {Wiz+, !d}
   (You found it on level 5 of the Dungeon)
 i - an amulet of regeneration (around neck) {+regen, !d}
   (You found it on level 1 of the Dungeon)
 k - a ring of positive energy {rN+}
   (You found it on level 2 of the Dungeon)
 l - the ring of Keytriuqu (left hand) {rElec rF+ rC+ MP+9}
   (You bought it in a shop on level 9 of the Dungeon)

   [ring of magical power]

   rF+:       It protects you from fire.
   rC+:       It protects you from cold.
   rElec:     It insulates you from electricity.
   MP+9:      It affects your magic capacity (+9).
 y - an amulet of reflection
   (You found it on level 5 of the Dungeon)
 Q - a ring of resist corrosion
   (You found it on level 6 of the Dungeon)
Wands
 m - a wand of iceblast (13)
   (You found it on level 2 of the Dungeon)
 o - a wand of paralysis (7)
   (You found it on level 1 of the Lair of Beasts)
 D - a wand of flame (13)
   (You found it on level 5 of the Dungeon)
 I - a wand of acid (13)
   (You found it on level 6 of the Dungeon)
 T - a wand of polymorph (14)
   (You found it on level 7 of the Dungeon)
Scrolls
 e - a scroll of vulnerability {!r!r}
 h - 4 scrolls of noise {!r}
 q - 3 scrolls of poison
 t - 2 scrolls of amnesia
 u - 2 scrolls of fog
 E - 4 scrolls of fear
 J - 3 scrolls of enchant weapon
 M - 2 scrolls of blinking {!r}
 O - 7 scrolls of teleportation
 P - a scroll of revelation
 U - a scroll of silence {unknown}
Potions
 b - 2 potions of magic
 c - 8 potions of enlightenment
 d - 2 potions of degeneration {unknown}
 g - 2 potions of might {unknown}
 j - 3 potions of cancellation {unknown}
 n - a potion of ambrosia
 p - 2 potions of berserk rage {!q}
 s - 3 potions of haste {unknown}
 v - 6 potions of curing
 w - 8 potions of heal wounds
 z - a potion of invisibility {unknown}
 A - 2 potions of resistance {unknown}
 B - 3 potions of attraction {unknown}
 C - a potion of lignification {!q}
 H - a potion of mutation {!q}
 Z - 2 potions of brilliance {unknown}
Miscellaneous
 Y - a condenser vane (inert)
   (You found it in a bailey)


   Skills:
 + Level 15.9 Fighting
 + Level 8.7 Staves
 - Level 1.5 Dodging
 - Level 2.1 Stealth
 - Level 6.0 Shields
 - Level 8.2 Spellcasting
 - Level 10.0 Conjurations
 - Level 0.7 Transmutations
 - Level 11.0 Earth Magic
 - Level 8.0 Invocations


You had 13 spell levels left.
You knew the following spells:

 Your Spells              Type           Power      Damage    Failure   Level
a - Sandblast             Erth           100%       2d20      1%          1
b - Brom's Barrelling Bo  Conj/Erth      78%        2d9       1%          4
c - Petrify               Tmut/Erth      41%        N/A       2%          4
d - Lesser Beckoning      Tloc           20%        N/A       4%          2
w - Passwall              Tmut/Erth      34%        N/A       1%          2
x - Stone Arrow           Conj/Erth      100%       3d13      1%          3

Your spell library contained the following spells:

 Spells                   Type           Power      Damage    Failure   Level
 Ensorcelled Hibernation  Hex/Ice        20%        N/A       4%          2
 Jinxbite                 Hex            20%        N/A       4%          2
 Gell's Gravitas          Tloc           10%        N/A       9%          3
 Teleport Other           Tloc           10%        N/A       9%          3
 Anguish                  Hex/Necr       5%         N/A       28%         4
 Passage of Golubria      Tloc           10%        N/A       28%         4
 Silence                  Hex/Air        5%         N/A       61%         5
 Lehudib's Crystal Spear  Conj/Erth      39%        10d10     92%         8


Dungeon Overview and Level Annotations

Branches:
Dungeon (10/15)            Temple (0/1) D:6            Lair (5/5) D:9
 Shoals (0/4) Lair:2        Snake (0/4) Lair:3        Slime (0/5) Lair:5
    Orc (0/2) D:9           Sewer (visited)          Bailey (visited)

Altars:
Dithmenos
Elyvilon
Fedhas
Makhleb
Okawaru
Sif Muna
Trog
Wu Jian
Xom
The Shining One
Jiyva

Shops:
D:3 :   D:9 ?=

Annotations:
D:9 exclusion: fire dragon, Erolcha, Joseph
Lair:3 1 runed translucent door, Doaqoss's ghost, journeyman MiFi


Innate Abilities, Weirdness & Mutations

You are immune to sickness and miasma.
Your stone body is resilient. (AC +10)
You are immune to poison.
Your large and strong wings let you fly.
You resist negative energy. (rN+)
You are resistant to electric shocks. (rElec)
You are resistant to unholy torment.
You are immune to petrification.


Message History

You take 1 damage, and have 27/99 hp.
A demon appears!
You block the polar bear's attack.
The polar bear claws you but does no damage.
You block the polar bear's attack.
You take 3 damage, and have 24/99 hp.
The polar bear attacks as it pursues you!
You block the polar bear's attack.
The polar bear claws you but does no damage.
The polar bear closely misses you.
You regained 2 hp, and now have 27/99 hp.
The polar bear attacks as it pursues you!
You block the polar bear's attack. The polar bear completely misses you.
The polar bear closely misses you.
Your hellwing closely misses the polar bear. x2
Casting: Sandblast (safe; 1% risk of failure)
Confirm with . or Enter, or press ? or * to list all spells.
Aiming: Stone Arrow (safe; 1% risk of failure)
Press: ? - help, Shift-Dir - straight line, f - polar bear
Aim: a polar bear (lightly wounded, ally target, 84% to hit)
You feel a surge of power!
The stone arrow hits the polar bear!!
The polar bear bites your hellwing but does no damage.
The polar bear claws your hellwing but does no damage. x2
You now have 3/35 mp.
Casting: Stone Arrow (safe; 1% risk of failure)
Confirm with . or Enter, or press ? or * to list all spells.
Aiming: Stone Arrow (safe; 1% risk of failure)
Press: ? - help, Shift-Dir - straight line, f/p - polar bear
Aim: a polar bear (heavily wounded, ally target, 84% to hit)
You feel a surge of power!
The stone arrow hits the polar bear but does no damage.
The polar bear bites you!
* * * LOW HITPOINT WARNING * * *
The polar bear claws you.
* * * LOW HITPOINT WARNING * * *
The polar bear claws you but does no damage.
Your hellwing hits the polar bear but does no damage.
Your hellwing barely misses the polar bear.
You take 7 damage, and have 24/99 hp.
You now have 0/35 mp.
You block the polar bear's attack.
The polar bear claws you but does no damage.
You block the polar bear's attack.
The polar bear barely misses your hellwing.
The polar bear claws your hellwing but does no damage.
The polar bear barely misses your hellwing.
Your hellwing hits the polar bear! x2; The polar bear goes berserk!
You see here a hell hound corpse.
You regained 2 hp, and now have 27/99 hp.
The polar bear bites your hellwing.
The polar bear barely misses your hellwing.
The polar bear claws your hellwing but does no damage.
Your hellwing hits the polar bear!
Your hellwing barely misses the polar bear.
The polar bear barely misses your hellwing.
The polar bear claws your hellwing but does no damage.
The polar bear barely misses your hellwing.
Your hellwing hits the polar bear!
Your hellwing barely misses the polar bear.
Casting: Stone Arrow (safe; 1% risk of failure)
Confirm with . or Enter, or press ? or * to list all spells.
Aiming: Sandblast (safe; 1% risk of failure)
Press: ? - help, Shift-Dir - straight line, f/p - polar bear
Aim: a polar bear (almost dead, berserk, 89% to hit)
The blast of sand hits the polar bear.
The polar bear bites you.
* * * LOW HITPOINT WARNING * * *
The polar bear claws you.
* * * LOW HITPOINT WARNING * * *
The polar bear claws you but does no damage.
The polar bear bites your hellwing but does no damage.
The polar bear claws your hellwing but does no damage.
The polar bear closely misses your hellwing.
Your hellwing hits the polar bear!
Your hellwing hits the polar bear but does no damage.
You block the polar bear's attack.
The polar bear claws you but does no damage.
The polar bear barely misses you.
You take 6 damage, and have 23/99 hp.
Casting: Sandblast (safe; 1% risk of failure)
Confirm with . or Enter, or press ? or * to list all spells.
Okay, then.
Clouds condense from the air!
The condenser dries out!
The polar bear bites you!
* * * LOW HITPOINT WARNING * * *
The polar bear claws you but does no damage. x2
The polar bear bites your hellwing but does no damage.
The polar bear barely misses your hellwing.
The polar bear claws your hellwing but does no damage.
Your hellwing hits the polar bear but does no damage.
Your hellwing hits the polar bear.
You take 10 damage, and have 13/99 hp.
The polar bear attacks as it pursues you!
The polar bear bites you but does no damage.
The polar bear claws you but does no damage.
The polar bear closely misses you.
The polar bear barely misses your hellwing.
The polar bear claws your hellwing.
The polar bear closely misses your hellwing.
Your hellwing hits the polar bear.
Your hellwing barely misses the polar bear.
The polar bear bites you!!
You die...

###...## #.................##...
##### #...............###..
##...P.........###...
##P.................
##................. ##
####.................
#.##########...#..........##....
#.##.#.#.#.§.§.#.........#.#P..
hh†#†#...h4§h†.h@.#P........###..
.hh#.†......#§§.####.............
h.#...†#...#.#### #####....##...
?..##..####### #.....###.. ###
#..# ###...## #.. .... #P....#
#.. ###... ##....## #.. ##...
##....# #.. ##. #....P# #..


You could see 3 polar bears and a friendly hellwing (summoned).

Vanquished Creatures
  Gastronok (Lair:3)
  Nessos (Lair:3)
  A dire elephant (Lair:5)
  Josephine (Lair:3)
  2 hydras (Lair:5)
  A boulder beetle (Lair:2)
  A catoblepas (Lair:3)
  2 two-headed ogres (D:9)
  5 death yaks
  Amaemon (Lair:2)
  2 skysharks
  2 orc knights (Bailey)
  A merfolk siren (Lair:2)
  10 elephants
  4 black mambas
  An orange demon (Lair:2)
  5 rime drakes
  9 cane toads
  Jeremiah (D:9)
  13 komodo dragons
  4 polar bears
  2 trolls (D:9)
  Grinder (D:3)
  2 raiju (Lair:5)
  9 blink frogs
  A shadow (D:7)
  8 wyverns
  13 yaks
  7 basilisks
  4 wraiths (Lair:3)
  2 wargs (Lair:5)
  3 nagas (Lair:3)
  3 acid dragons
  12 water moccasins
  A hell hound (Lair:5)
  A swamp drake (D:9)
  Duvessa (D:6)
  8 black bears
  2 ice beasts
  11 orc warriors
  A sky beast (D:6)
  An ogre (D:4)
  14 wolves
  A centaur (D:8)
  2 phantoms (D:6)
  2 kobold brigands
  13 bullfrogs
  2 scorpions (D:6)
  2 gnoll sergeants
  Dowan (D:6)
  23 wights
  5 killer bees (D:9)
  An electric eel (Lair:2)
  6 howler monkeys
  A lava snake (D:9)
  A jelly (D:6)
  3 hounds
  3 gnoll boudas
  An orc priest (D:9)
  A sleepcap (D:6)
  Natasha (twice) (D:2)
  Terence (D:3)
  2 iguanas (D:5)
  2 orc wizards
  A hound zombie (D:2)
  A hound skeleton (D:2)
  Robin (D:3)
  22 gnolls
  10 adders
  3 river rats
  2 shadow imps
  3 white imps
  An ufetubus (D:4)
  An adder zombie (D:2)
  3 worms
  4 dart slugs
  34 orcs
  10 ball pythons
  8 endoplasms
  7 giant cockroaches
  18 goblins
  13 hobgoblins
  7 jackals
  34 kobolds
  6 quokkas
  A ball python zombie (D:2)
  8 bats
  2 frilled lizards (D:1)
  2 giant cockroach zombies (D:2)
  18 rats
470 creatures vanquished.

Vanquished Creatures (collateral kills)
  A death yak (Lair:4)
  A komodo dragon (Lair:5)
  A bullfrog (Lair:2)
  5 boulders
8 creatures vanquished.

Vanquished Creatures (others)
  A komodo dragon (D:9)
  A quokka (D:6)
  5 boulders
7 creatures vanquished.

Grand Total: 485 creatures vanquished

Notes
Turn   | Place    | Note
-------+----------+-------------------------------------------
     0 | D:1      | IndexError the Gargoyle Earth Elementalist began the quest
                  | for the Orb.
     0 | D:1      | Reached XP level 1. HP: 10/10 MP: 3/3
   210 | D:1      | Reached XP level 2. HP: 15/15 MP: 1/5
   301 | D:1      | Reached skill level 4 in Earth Magic
  1001 | D:1      | Reached XP level 3. HP: 19/19 MP: 4/6
  1362 | D:2      | Noticed Natasha
  1366 | D:2      | Killed Natasha
  1367 | D:2      | Reached skill level 3 in Spellcasting
  1367 | D:2      | Reached XP level 4. HP: 24/24 MP: 5/8
  1425 | D:2      | Reached skill level 5 in Earth Magic
  1737 | D:2      | Reached XP level 5. HP: 28/28 MP: 3/10
  2041 | D:2      | Noticed Natasha
  2045 | D:2      | Killed Natasha
  2224 | D:2      | Found a faded altar of an unknown god.
  2426 | D:2      | Prayed at the altar of an unknown god.
  2426 | D:2      | Became a worshipper of Makhleb the Destroyer
  2426 | D:2      | Reached * piety under Makhleb
  2488 | D:3      | Noticed Robin
  2492 | D:3      | Killed Robin
  2495 | D:3      | Reached skill level 4 in Spellcasting
  2498 | D:3      | Noticed Terence
  2602 | D:3      | Noticed Grinder
  2613 | D:3      | Paralysed by Grinder for 5 turns
  2641 | D:3      | Killed Grinder
  2642 | D:3      | Reached skill level 6 in Earth Magic
  2642 | D:3      | Reached XP level 6. HP: 27/32 MP: 3/13
  2678 | D:3      | Reached ** piety under Makhleb
  2881 | D:3      | Found a glowing drain.
  2887 | D:3      | Reached XP level 7. HP: 36/36 MP: 12/14
  2890 | Sewer    | Entered a sewer
  2899 | Sewer    | Reached skill level 7 in Earth Magic
  2989 | Sewer    | Reached skill level 5 in Spellcasting
  3079 | Sewer    | Found a glowing silver altar of Zin.
  3371 | D:3      | Found Kupnodei's Book Emporium.
  3377 | D:3      | Killed Terence
  3499 | D:3      | Learned a level 2 spell: Passwall
  3503 | D:3      | Learned a level 3 spell: Stone Arrow
  3923 | D:4      | Reached *** piety under Makhleb
  4308 | D:4      | Found a shimmering blue altar of Sif Muna.
  4599 | D:5      | Entered Level 5 of the Dungeon
  4610 | D:5      | Reached skill level 8 in Earth Magic
  4617 | D:5      | Reached XP level 8. HP: 41/41 MP: 4/16
  4749 | D:5      | Reached skill level 6 in Spellcasting
  4906 | D:5      | Reached **** piety under Makhleb
  4970 | D:5      | Found an ornate altar of the Wu Jian Council.
  5234 | D:5      | Reached skill level 9 in Earth Magic
  5237 | D:5      | Found a shimmering altar of Xom.
  5307 | D:5      | Found an iron altar of Okawaru.
  5418 | D:5      | Identified the +1 robe "Qelace" {Int+4}
  5708 | D:6      | Reached skill level 7 in Spellcasting
  5781 | D:6      | Reached skill level 10 in Earth Magic
  5784 | D:6      | Reached XP level 9. HP: 45/45 MP: 11/20
  5876 | D:6      | Found a white marble altar of Elyvilon.
  5971 | D:6      | Reached skill level 8 in Spellcasting
  6020 | D:6      | Noticed Dowan
  6020 | D:6      | Noticed Duvessa
  6025 | D:6      | Killed Duvessa
  6026 | D:6      | HP: 11/45 [Dowan/shard of ice (17)]
  6027 | D:6      | Killed Dowan
  6181 | D:6      | Found a staircase to the Ecumenical Temple.
  6224 | D:6      | Reached skill level 11 in Earth Magic
  6411 | D:6      | Learned a level 4 spell: Brom's Barrelling Boulder
  6416 | D:6      | Learned a level 4 spell: Petrify
  6547 | D:7      | Reached skill level 1 in Fighting
  6547 | D:7      | Reached skill level 1 in Conjurations
  6547 | D:7      | Reached skill level 1 in Invocations
  6707 | D:7      | Reached skill level 2 in Fighting
  6707 | D:7      | Reached skill level 2 in Conjurations
  6707 | D:7      | Reached skill level 2 in Invocations
  6751 | D:7      | Reached ***** piety under Makhleb
  7265 | D:8      | Reached skill level 3 in Fighting
  7265 | D:8      | Reached skill level 3 in Conjurations
  7265 | D:8      | Reached skill level 3 in Invocations
  7359 | D:8      | Found a blossoming altar of Fedhas.
  7430 | D:8      | Reached XP level 10. HP: 52/56 MP: 18/22
  7460 | D:8      | Reached skill level 4 in Fighting
  7460 | D:8      | Reached skill level 4 in Conjurations
  7460 | D:8      | Reached skill level 4 in Invocations
  7484 | D:8      | Found a flagged portal.
  7498 | Bailey   | Entered a bailey
  7577 | Bailey   | Learned a level 2 spell: Lesser Beckoning
  7608 | Bailey   | Noticed an orc knight
  7692 | Bailey   | Noticed an orc knight
  7721 | Bailey   | Killed an orc knight
  7722 | Bailey   | Reached skill level 5 in Fighting
  7841 | Bailey   | Reached skill level 5 in Conjurations
  7841 | Bailey   | Reached skill level 5 in Invocations
  7906 | Bailey   | Killed an orc knight
  8566 | D:8      | Reached skill level 6 in Fighting
  8676 | D:8      | Found a bloodstained altar of Trog.
  8770 | D:9      | Noticed a two-headed ogre
  8770 | D:9      | Found Xerchomyg's Jewellery Shoppe.
  8772 | D:9      | Killed a two-headed ogre
  8773 | D:9      | Reached skill level 6 in Conjurations
  8773 | D:9      | Reached skill level 6 in Invocations
  8783 | D:9      | Found Baokk's Magic Scroll Shoppe.
  8825 | D:9      | Noticed Erolcha
  8851 | D:9      | Noticed Joseph
  8859 | D:9      | Noticed a two-headed ogre
  8864 | D:9      | Killed a two-headed ogre
  8865 | D:9      | Reached skill level 7 in Fighting
  8865 | D:9      | Reached XP level 11. HP: 44/67 MP: 19/23
  8913 | D:9      | Reached skill level 7 in Conjurations
  8934 | D:9      | Reached skill level 7 in Invocations
  9225 | D:9      | Noticed a fire dragon
  9346 | D:9      | Found a staircase to the Orcish Mines.
  9586 | D:9      | Found a glowing golden altar of the Shining One.
  9602 | D:9      | Found a shadowy altar of Dithmenos.
  9661 | D:9      | Reached skill level 8 in Fighting
  9797 | D:9      | Noticed Jeremiah
  9814 | D:9      | Killed Jeremiah
  9831 | D:9      | Reached skill level 8 in Conjurations
 10018 | D:9      | Reached skill level 8 in Invocations
 10080 | D:9      | Reached ****** piety under Makhleb
 10211 | D:9      | Found a staircase to the Lair.
 10447 | D:10     | Entered Level 10 of the Dungeon
 10483 | D:10     | Identified a scroll of acquirement
 10653 | D:9      | Acquired 661 gold pieces
 10657 | D:9      | Bought the ring of Keytriuqu {rElec rF+ rC+ MP+9} for 624
                  | gold pieces
 10752 | Lair:1   | Entered Level 1 of the Lair of Beasts
 10825 | Lair:1   | Reached skill level 9 in Fighting
 10966 | Lair:1   | Reached skill level 9 in Conjurations
 11059 | Lair:1   | Reached XP level 12. HP: 40/77 MP: 17/24
 11326 | Lair:1   | Reached skill level 10 in Fighting
 11408 | Lair:1   | Reached skill level 10 in Conjurations
 11411 | Lair:1   | HP: 19/78 [komodo dragon (18)]
 11506 | Lair:1   | Reached skill level 1 in Shields
 11875 | Lair:2   | Reached skill level 2 in Shields
 11907 | Lair:2   | Noticed a skyshark
 11917 | Lair:2   | Killed a skyshark
 11918 | Lair:2   | Reached skill level 11 in Fighting
 11923 | Lair:2   | Reached skill level 3 in Shields
 12126 | Lair:2   | Noticed Amaemon
 12134 | Lair:2   | Killed Amaemon
 12135 | Lair:2   | Reached skill level 4 in Shields
 12300 | Lair:2   | Reached skill level 5 in Shields
 12351 | Lair:2   | Noticed a boulder beetle
 12371 | Lair:2   | Killed a boulder beetle
 12506 | Lair:2   | Reached skill level 12 in Fighting
 12667 | Lair:2   | Found a staircase to the Shoals.
 13059 | Lair:2   | Upgraded the game from 0.31-a0-828-gb7646bb5e3 to
                  | 0.31-a0-832-g3a2c1c66ba
 13107 | Lair:2   | Reached skill level 6 in Shields
 13262 | Lair:3   | Reached skill level 13 in Fighting
 13264 | Lair:3   | Reached XP level 13. HP: 81/88 MP: 25/25
 13423 | Lair:3   | Reached skill level 1 in Staves
 13445 | Lair:3   | Reached skill level 2 in Staves
 13527 | Lair:3   | Found a runed translucent door.
 13527 | Lair:3   | Noticed Doaqoss's ghost (journeyman MiFi)
 13591 | Lair:3   | Reached skill level 3 in Staves
 13626 | Lair:3   | Noticed Josephine
 13633 | Lair:3   | Killed Josephine
 13725 | Lair:3   | Noticed Nessos
 13736 | Lair:3   | Killed Nessos
 13737 | Lair:3   | Reached skill level 4 in Staves
 13794 | Lair:3   | Reached skill level 14 in Fighting
 13908 | Lair:3   | Found a staircase to the Snake Pit.
 14392 | Lair:3   | Noticed Gastronok
 14574 | Lair:3   | HP: 15/90 [polar bear (13)]
 14685 | Lair:3   | Killed Gastronok
 14686 | Lair:3   | Reached skill level 5 in Staves
 15286 | Lair:3   | HP: 22/91 [komodo dragon (18)]
 15418 | Lair:3   | Reached skill level 6 in Staves
 15855 | Lair:3   | Found a staircase to the Snake Pit.
 16650 | Lair:4   | Reached skill level 15 in Fighting
 16798 | Lair:4   | Reached skill level 7 in Staves
 17226 | Lair:5   | Entered Level 5 of the Lair of Beasts
 17290 | Lair:5   | Noticed a dire elephant
 17310 | Lair:5   | Killed a dire elephant
 17311 | Lair:5   | Gained mutation: Your large and strong wings let you fly.
                  | [Gargoyle growth]
 17311 | Lair:5   | Reached XP level 14. HP: 98/98 MP: 20/26
 17475 | Lair:5   | Reached skill level 8 in Staves
 17532 | Lair:5   | Found a staircase to the Slime Pits.
 17532 | Lair:5   | Found a viscous altar of Jiyva.
 17996 | Lair:5   | HP: 24/99 [six-headed hydra (7)]
 18008 | Lair:5   | HP: 24/99 [polar bear (1)]
 18013 | Lair:5   | HP: 23/99 [polar bear (2)]
 18015 | Lair:5   | Mangled by a polar bear

Illustrated notes

Levels and vault maps discovered:
D:1:      elethiomel_arrival_shortcut, layout_basic,
          nicolae_houndstooth_variations
D:2:      layout_basic, hellmonk_ecumenical_altar_inner_sanctum, serial_undead,
          serial_undead_e, serial_undead_e, serial_undead_a, serial_undead_a,
          chequers_serial_rivers_micro_e, nicolae_wormholes, uniq_natasha
D:3:      layout_rooms, serial_shops, shop, portal_sewer_entry_e, uniq_grinder,
          uniq_robin, uniq_terence
D:4:      layout_basic, mainiacjoe_overflow_alcove_4,
          dreamdust_princess_corridor, minmay_goblin_kobold_house
D:5:      layout_rooms, xom_teletrap_fun, okawaru_gym_becter,
          nzn_wu_jian_contemplation
D:6:      layout_cave_pools, elyvilon_altar_4, minmay_temple_entry_large_hall,
          uniq_duvessa
D:7:      layout_loops_cross
D:8:      layout_cave_pools, fedhas_bush_and_centaur_altar,
          lemuel_coloured_pillars_altar, enter_bailey_4
D:9:      dragon1_lemuel, layout_irregular_city, tso_oasis_becter,
          lemuel_doored_altar, erik_lair_dragon, erik_orc_3, serial_shops, shop,
          nicolae_stop_n_shop_2, kennysheep_generic_room_7, uniq_jeremiah,
          uniq_erolcha, uniq_joseph
D:10:     lemuel_castle_with_subvaults [lemuel_castle_interior_carwin_1],
          layout_irregular_city, overflow_temple_1_default,
          mainiacjoe_overflow_concentric_impassable, demons_altar, uniq_urug
Lair:1:   layout_loops_ring
Lair:2:   layout_cave_pods, minmay_shoals_entry_lonely_mermaid,
          infiniplex_staircase_pool_2, grunt_megastairs_3, serial_bayou_shore_a,
          uniq_amaemon
Lair:3:   layout_regular_city, minmay_snake_entry_guardpost_small,
          gammafunk_ghost_grave, grunt_megastairs_5, uniq_gastronok,
          uniq_josephine, uniq_nessos
Lair:4:   layout_cave_shapes
Lair:5:   hangedman_lair_caniforms_friends, layout_long_grid, slime_entry_1

Skill      XL: |  1  2  3  4  5  6  7  8  9 10 11 12 13 14 |
---------------+-------------------------------------------+-----
Earth Magic    | 4 5 6 8 10 11 | 11.0
Spellcasting   | 3 4 5 7 8 |  8.2
Fighting       | 3 7 9 13 15 | 15.9
Conjurations   | 3 6 9 10 | 10.0
Invocations    | 3 6 8 |  8.0
Shields        | 6 |  6.0
Staves         | 7 8 |  8.7
Dodging        | |  1.5
Stealth        | |  2.1
Transmutations | |  0.7

Action                     |  1- 3 |  4- 6 |  7- 9 | 10-12 | 13-15 || total
---------------------------+-------+-------+-------+-------+-------++-------
  Melee: Unarmed           |     2 |       |       |       |       ||     2
         Club              |    18 |       |       |       |       ||    18
         Short sword       |       |     5 |     2 |       |       ||     7
         Spear             |       |       |     2 |    14 |       ||    16
   Cast: Sandblast         |    41 |    92 |   214 |   417 |   309 ||  1073
         Brom's Barrelling |       |       |       |     7 |    10 ||    17
         Stone Arrow       |       |       |       |    13 |    39 ||    52
 Invoke: Minor Destruction |       |       |       |     2 |       ||     2
         Lesser Servant of |       |       |       |     1 |     3 ||     4
  Evoke: Wand              |       |       |       |     5 |       ||     5
         Condenser vane    |       |       |       |       |     1 ||     1
    Use: Scroll            |       |       |       |    16 |     5 ||    21
 Armour: Robe              |    34 |    25 |   111 |   359 |   569 ||  1098
  Dodge: Dodged            |    26 |    25 |    77 |   201 |   274 ||   603
  Block: Buckler           |       |       |       |    74 |   123 ||   197
         Reflection        |       |       |       |     1 |     4 ||     5

Table legend: (Time is in decaauts)
 A = Elapsed time spent in this place.
 B = Non-inter-level travel time spent in this place.
 C = Inter-level travel time spent in this place.
 D = Time resting spent in this place.
 E = Time spent auto-exploring this place.
 F = Levels seen in this place.
 G = Mean time per level.
                   A        B        C        D        E       F      G
               +--------+--------+--------+--------+--------+-----+--------+
         Total |  18657 |  17048 |   1609 |     97 |  13363 |  17 | 1097.5 |
       Dungeon |  10083 |   9026 |   1057 |      0 |   7199 |  10 | 1008.3 |
          Lair |   7575 |   7024 |    551 |     97 |   5496 |   5 | 1515.0 |
         Sewer |    295 |    295 |      0 |      0 |    246 |   1 |  295.0 |
        Bailey |    703 |    703 |      0 |      0 |    421 |   1 |  703.0 |
               +--------+--------+--------+--------+--------+-----+--------+

Top non-repeatable levels by time:
  Lair:3: 3433 daAuts
     D:9: 2008 daAuts
  Lair:2: 1453 daAuts
     D:1: 1354 daAuts
     D:4: 1290 daAuts
     D:2: 1177 daAuts
  Lair:1: 1140 daAuts
     D:3: 880 daAuts
     D:5: 880 daAuts
     D:7: 849 daAuts
     D:6: 812 daAuts
  Lair:5: 793 daAuts
     D:8: 776 daAuts
  Lair:4: 754 daAuts
  Bailey: 703 daAuts

Levels and vault maps discovered:
D:1:      elethiomel_arrival_shortcut, layout_basic,
          nicolae_houndstooth_variations
D:2:      layout_basic, hellmonk_ecumenical_altar_inner_sanctum, serial_undead,
          serial_undead_e, serial_undead_e, serial_undead_a, serial_undead_a,
          chequers_serial_rivers_micro_e, nicolae_wormholes, uniq_natasha
D:3:      layout_rooms, serial_shops, shop, portal_sewer_entry_e, uniq_grinder,
          uniq_robin, uniq_terence
D:4:      layout_basic, mainiacjoe_overflow_alcove_4,
          dreamdust_princess_corridor, minmay_goblin_kobold_house
D:5:      layout_rooms, xom_teletrap_fun, okawaru_gym_becter,
          nzn_wu_jian_contemplation
D:6:      layout_cave_pools, elyvilon_altar_4, minmay_temple_entry_large_hall,
          uniq_duvessa
D:7:      layout_loops_cross
D:8:      layout_cave_pools, fedhas_bush_and_centaur_altar,
          lemuel_coloured_pillars_altar, enter_bailey_4
D:9:      dragon1_lemuel, layout_irregular_city, tso_oasis_becter,
          lemuel_doored_altar, erik_lair_dragon, erik_orc_3, serial_shops, shop,
          nicolae_stop_n_shop_2, kennysheep_generic_room_7, uniq_jeremiah,
          uniq_erolcha, uniq_joseph
D:10:     lemuel_castle_with_subvaults [lemuel_castle_interior_carwin_1],
          layout_irregular_city, overflow_temple_1_default,
          mainiacjoe_overflow_concentric_impassable, demons_altar, uniq_urug
Lair:1:   layout_loops_ring
Lair:2:   layout_cave_pods, minmay_shoals_entry_lonely_mermaid,
          infiniplex_staircase_pool_2, grunt_megastairs_3, serial_bayou_shore_a,
          uniq_amaemon
Lair:3:   layout_regular_city, minmay_snake_entry_guardpost_small,
          gammafunk_ghost_grave, grunt_megastairs_5, uniq_gastronok,
          uniq_josephine, uniq_nessos
Lair:4:   layout_cave_shapes
Lair:5:   hangedman_lair_caniforms_friends, layout_long_grid, slime_entry_1

Table legend: (Time is in decaauts)
 A = Elapsed time spent in this place.
 B = Non-inter-level travel time spent in this place.
 C = Inter-level travel time spent in this place.
 D = Time resting spent in this place.
 E = Time spent auto-exploring this place.
 F = Levels seen in this place.
 G = Mean time per level.
                   A        B        C        D        E       F      G
               +--------+--------+--------+--------+--------+-----+--------+
         Total |  18657 |  17048 |   1609 |     97 |  13363 |  17 | 1097.5 |
       Dungeon |  10083 |   9026 |   1057 |      0 |   7199 |  10 | 1008.3 |
          Lair |   7575 |   7024 |    551 |     97 |   5496 |   5 | 1515.0 |
         Sewer |    295 |    295 |      0 |      0 |    246 |   1 |  295.0 |
        Bailey |    703 |    703 |      0 |      0 |    421 |   1 |  703.0 |
               +--------+--------+--------+--------+--------+-----+--------+

Top non-repeatable levels by time:
  Lair:3: 3433 daAuts
     D:9: 2008 daAuts
  Lair:2: 1453 daAuts
     D:1: 1354 daAuts
     D:4: 1290 daAuts
     D:2: 1177 daAuts
  Lair:1: 1140 daAuts
     D:3: 880 daAuts
     D:5: 880 daAuts
     D:7: 849 daAuts
     D:6: 812 daAuts
  Lair:5: 793 daAuts
     D:8: 776 daAuts
  Lair:4: 754 daAuts
  Bailey: 703 daAuts

Table legend:
 A = Kills in this place as a percentage of kills in the entire game.
 B = Kills by you in this place as a percentage of kills by you in the entire game.
 C = Kills by friends in this place as a percentage of kills by friends in the entire game.
 D = Other kills in this place as a percentage of other kills in the entire game.
 E = Experience gained in this place as a percentage of experience gained in the entire game.
 F = Experience gained in this place divided by the number of levels of this place that you have seen.
                   A       B       C       D       E      F
               +-------+-------+-------+-------+-------+----------------------
         Total | 100.0 | 100.0 | 100.0 | 100.0 | 100.0 | 3685.3
       Dungeon |  62.0 |  62.3 |   0.0 | 100.0 |  21.2 | 1329.2
          Lair |  30.6 |  30.2 | 100.0 |   0.0 |  75.3 | 9436.6
         Sewer |   2.3 |   2.3 |   0.0 |   0.0 |   0.2 | 130.0
        Bailey |   5.1 |   5.1 |   0.0 |   0.0 |   3.3 | 2045.0
               +-------+-------+-------+-------+-------+----------------------
